 Dungeon Crawl Stone Soup version 0.28-a0-906-g0406aca7d3 (webtiles) character file.

Game seed: 8336211590515700814

436 lunkers the Fighter (level 7, -3/70 HPs)
             Began as a Hill Orc Cinder Acolyte on Nov 24, 2021.
             Was a High Priest of Ignis.
             Slain by an ogre (27 damage)
             ... on level 5 of the Dungeon.
             The game lasted 00:06:26 (6308 turns).

lunkers the Fighter (Hill Orc Cinder Acolyte)       Turns: 6308, Time: 00:06:27

Health: -3/70      AC:  6    Str: 19    XL:     7   Next: 1%
Magic:  0/8        EV: 10    Int: 14    God:    Ignis [*****.]
Gold:   112        SH:  0    Dex:  6    Spells: 6/8 levels left

rFire   + . .      SeeInvis .   e - +1 hand axe (vorpal)
rCold   . . .      Faith    .   (no shield)
rNeg    . . .      Spirit   .   i - +0 ring mail
rPois   .          Reflect  .   (no helmet)
rElec   .          Harm     .   l - +0 cloak
rCorr   .          Rampage  .   (no gloves)
Will    .....                   (no boots)
Stlth   ..........              (no amulet)
HPRegen 0.21/turn               (no ring)
MPRegen 0.11/turn               (no ring)

@: very slightly contaminated
A: no striking features
a: Renounce Religion, Sea of Fire, Foxfire Swarm, Rising Flame


You were on level 5 of the Dungeon.
You worshipped Ignis.
Ignis was extremely pleased with you.
You visited 1 branch of the dungeon, and saw 5 of its levels.

You collected 112 gold pieces.

Inventory:

Hand Weapons
 a - a -1 short sword of flaming
 e - a +1 vorpal hand axe (weapon)
 g - a +0 dagger of speed
Armour
 b - a +1 robe
 i - a +0 ring mail (worn)
 l - a +0 cloak (worn)
Scrolls
 h - a scroll of teleportation
Potions
 c - a potion of flight
 j - a potion of brilliance
 k - a potion of heal wounds {unknown}


   Skills:
 + Level 9.0 Fighting
 - Level 3.0 Short Blades
 * Level 1.9 Axes
 - Level 1.0 Spellcasting
 - Level 3.2 Fire Magic


You had 6 spell levels left.
You knew the following spells:

 Your Spells              Type           Power      Damage    Failure   Level
p - Scorch                Fire           18%        2d6       19%         2

Your spell library contained the following spells:

 Spells                   Type           Power      Damage    Failure   Level
 Freeze                   Ice            0%         1d3       41%         1
 Frozen Ramparts          Ice            0%         1d2       80%         3
 Summon Guardian Golem    Hex/Summ       0%         N/A       80%         3
 Tukima's Dance           Hex            0%         N/A       80%         3
 Hailstorm                Conj/Ice       0%         3d3       99%         4
 Passage of Golubria      Tloc           0%         N/A       99%         4
 Yara's Violent Unravell  Hex/Tmut       0%         3d3       100%        5
 Malign Gateway           Summ/Tloc      0%         N/A       100%        7
 Orb of Destruction       Conj           0%         N/A       100%        7
 Spellforged Servitor     Conj/Summ      0%         N/A       100%        7
 Summon Horrible Things   Summ           0%         N/A       100%        8


Dungeon Overview and Level Annotations

Branches:
Dungeon (5/15)
 Temple: D:4-7

Altars:
Dithmenos
Hepliaklqana
Xom
Zin

Shops:
D:4 !


Message History

You hit the ogre.
The ogre is heavily wounded.
The ogre hits you with a +0 giant club!
You completely miss the ogre.
The ogre is heavily wounded.
The ogre hits you with a +0 giant club!!
* * * LOW HITPOINT WARNING * * *
Casting: Scorch (safe; 19% risk of failure)
Press: ? - help, Q - select action Dir - look around, f - activate Flames lash the ufetubus.
The ufetubus is burned terribly!
The ufetubus is heavily wounded.
The ufetubus's fire resistance burns away.
The ogre is no longer more vulnerable to fire.
A killer bee zombie comes into view.
Unknown command.
Unknown command.
Unknown command.
Casting: Scorch (safe; 19% risk of failure)
Press: ? - help, Q - select action Dir - look around, f - activate Flames lash the ogre.
The ogre is severely wounded.
The ogre's fire resistance burns away.
The ogre hits you with a +0 giant club!
* * * LOW HITPOINT WARNING * * *
Unknown command.
Casting: Scorch (safe; 19% risk of failure)
Press: ? - help, Q - select action Dir - look around, f - activate You miscast Scorch.
You are very lightly contaminated with residual magic.
Nothing appears to happen.
* * * LOW MAGIC WARNING * * *
The ogre closely misses you.
Unknown command.
Unknown command.
You barely miss the ogre.
The ogre is severely wounded.
The ogre is no longer more vulnerable to fire.
The ufetubus is no longer more vulnerable to fire.
The ogre hits you with a +0 giant club!!
You die...

. .. ...
.... .....
######Z.....
#...@O5..$..
####.#......
#.# ...##
#.# ..# #.#
.# #.# # #.#
#.# #.#


You could see an ogre, an ufetubus and a killer bee zombie.

Vanquished Creatures
  A sky beast (D:4)
  A scorpion (D:4)
  A centaur zombie (D:4)
  An iguana (D:4)
  2 orc wizards (D:5)
  2 hound zombies (D:4)
  A hound skeleton (D:4)
  A gnoll (D:1)
  2 adders
  A shadow imp (D:4)
  An adder zombie (D:4)
  2 adder skeletons (D:4)
  3 worms
  2 dart slugs
  8 orcs
  4 bats
  4 endoplasms
  A giant cockroach (D:1)
  9 goblins
  6 hobgoblins
  6 jackals (D:1)
  5 kobolds
  3 quokkas
  3 ball pythons
  2 frilled lizards
  3 rats
75 creatures vanquished.

Vanquished Creatures (others)
  2 withered plants (D:4)
2 creatures vanquished.

Grand Total: 77 creatures vanquished

Notes
Turn   | Place    | Note
-------+----------+-------------------------------------------
     0 | D:1      | lunkers the Hill Orc Cinder Acolyte began the quest for the
                  | Orb.
     0 | D:1      | Reached XP level 1. HP: 19/19 MP: 2/2
   109 | D:1      | Reached skill level 4 in Fighting
   515 | D:1      | Reached XP level 2. HP: 22/27 MP: 3/3
   809 | D:1      | Learned a level 2 spell: Scorch
   916 | D:1      | Reached skill level 5 in Fighting
   916 | D:1      | Reached XP level 3. HP: 17/36 MP: 1/4
  1890 | D:1      | Found a faded altar of an unknown god.
  2871 | D:2      | Reached XP level 4. HP: 38/44 MP: 0/5
  3231 | D:3      | Reached skill level 6 in Fighting
  4025 | D:3      | Found a hazy altar of Hepliaklqana.
  4396 | D:4      | Reached XP level 5. HP: 31/51 MP: 1/6
  4543 | D:4      | Reached skill level 7 in Fighting
  4771 | D:4      | Found a shimmering altar of Xom.
  4915 | D:4      | Noticed a sky beast
  4959 | D:4      | Killed a sky beast
  4960 | D:4      | Reached skill level 8 in Fighting
  4960 | D:4      | Reached XP level 6. HP: 28/62 MP: 0/7
  5171 | D:4      | Found a shadowy altar of Dithmenos.
  5193 | D:4      | Reached skill level 1 in Axes
  5643 | D:4      | Found Bootef's Distillery.
  5864 | D:4      | Found a glowing silver altar of Zin.
  6085 | D:5      | Entered Level 5 of the Dungeon
  6131 | D:4      | Reached XP level 7. HP: 43/69 MP: 2/8
  6187 | D:5      | Reached skill level 9 in Fighting
  6308 | D:5      | Slain by an ogre

Illustrated notes

Levels and vault maps discovered:
D:1:      minmay_arrival_split_and_join, layout_loops_corners,
          shapermc_ecumenical_altar_hornbeckon, minmay_misc_feat_plants,
          minmay_pentomino_s4
D:2:      layout_basic, nicolae_wormholes
D:3:      layout_loops_cross, nzn_hepliaklqana_mist_gate,
          nicolae_figureground_sparkle
D:4:      layout_loops_ring, nicolae_overflow_hidden_temple, lemuel_tele_altar,
          nicolae_dithmenos_shadow_blocks, serial_undead, serial_undead_b,
          serial_undead_e, serial_undead_c, serial_undead_e, serial_shops, shop
D:5:      layout_basic, nicolae_shop_gadgets, uniq_ijyb, uniq_pikel,
          uniq_blork_the_orc

Skill      XL: |  1  2  3  4  5  6  7 |
---------------+----------------------+-----
Fighting       | 4 5 6 8 9 |  9.0
Axes           | 1 |  1.9
Short Blades   | |  3.0
Spellcasting   | |  1.0
Fire Magic     | |  3.2

Action                   |  1- 3 |  4- 6 |  7- 9 || total
-------------------------+-------+-------+-------++-------
Melee: Short sword       |   105 |   101 |       ||   206
       Dagger            |       |    23 |       ||    23
       Hand axe          |       |       |     4 ||     4
 Cast: Scorch            |    14 |    39 |     7 ||    60
  Use: Scroll            |     3 |     4 |     1 ||     8
Armor: Robe              |    19 |       |       ||    19
       Ring mail         |       |    59 |     1 ||    60
Dodge: Dodged            |    48 |    78 |     4 ||   130

Table legend: (Time is in decaauts)
 A = Elapsed time spent in this place.
 B = Non-inter-level travel time spent in this place.
 C = Inter-level travel time spent in this place.
 D = Time resting spent in this place.
 E = Time spent auto-exploring this place.
 F = Levels seen in this place.
 G = Mean time per level.
                   A        B        C        D        E       F      G
               +--------+--------+--------+--------+--------+-----+--------+
         Total |   6304 |   6098 |    206 |    412 |   4995 |   5 | 1260.8 |
       Dungeon |   6304 |   6098 |    206 |    412 |   4995 |   5 | 1260.8 |
               +--------+--------+--------+--------+--------+-----+--------+

Top non-repeatable levels by time:
     D:1: 2422 daAuts
     D:4: 1769 daAuts
     D:3: 1191 daAuts
     D:2: 753 daAuts
     D:5: 166 daAuts
